AoeStats
← Your Mom

Black Forest

508831374Analyzed
2v2 RM · 10d ago on Sep 24, 2026· 50m 21s· 4 players
Game mode
Random Map
Map size
Medium (4 player)
Population
200
Speed
Normal
Resources
Standard
Victory
Conquest
Starting age
Dark Age
Ending age
Imperial Age
RankedLock teamsTeams togetherTeam positionsShared explorationLock speedFull tech treeHidden civsTurbo modeCheats
Victory
Defeat
🇵🇰 Khmer · Pakistan
825
+13
🇦🇺 Teutons · Australia
750
+16
🇩🇪 Khmer · Germany
757
-15
🇳🇴 Koreans · Norway
746
-14
KoN_Air
0:56 Loom
13:29 Feudal Age
18:14 Castle Age
19:17 Double-Bit Axe
19:18 Horse Collar
21:50 Bow Saw
25:58 Gold Mining
26:47 Wheelbarrow
27:52 Stone Mining
29:03 Hand Cart
31:29 Stone Shaft Mining
30:16 Elite Skirmisher
31:02 Thumb Ring
30:20 Pikeman
31:00 Squires
30:46 Arson
31:57 Gold Shaft Mining
31:52 Heavy Plow
32:31 Town Watch
35:51 Imperial Age
33:26 Treadmill Crane
33:56 Murder Holes
34:14 Heated Shot
35:33 Ballistics
35:26 Masonry
35:48 Town Patrol
36:02 Fortified Wall
35:49 Fletching
36:00 Scale Mail Armor
36:11 Forging
36:04 Caravan
35:58 Heavy Rocket Cart
38:05 Chemistry
37:11 Siege Engineers
37:37 Architecture
36:53 Arrowslits
38:36 Halberdier
39:37 Elite War Wagon
46:55 Shinkichon
46:36 Eupseong
46:57 Conscription
Your Mom
0:28 Loom
11:03 Feudal Age
11:29 Double-Bit Axe
12:48 Gold Mining
15:46 Horse Collar
20:31 Wheelbarrow
23:12 Castle Age
22:00 Bloodlines
22:41 Stone Mining
25:52 Bow Saw
26:12 Heavy Plow
27:39 Husbandry
31:11 Gold Shaft Mining
31:12 Stone Shaft Mining
32:28 Caravan
34:30 Fortified Wall
34:42 Pikeman
38:11 Imperial Age
37:19 Hand Cart
37:30 Tusk Swords
38:23 Scale Barding Armor
38:28 Forging
38:20 Scale Mail Armor
38:11 Fletching
38:45 Ballistics
39:19 Conscription
39:01 Double Crossbow
39:07 Elite Battle Elephant
42:15 Chain Barding Armor
42:30 Iron Casting
41:24 Elite Ballista Elephant
43:25 Light Cavalry
43:47 Heavy Scorpion
44:26 Halberdier
45:58 Capped Ram
46:14 Hussar
Venom8066
10:42 Feudal Age
16:13 Castle Age
14:37 Stone Mining
14:55 Horse Collar
15:42 Double-Bit Axe
22:52 Wheelbarrow
22:24 Gold Mining
23:34 Heavy Plow
24:07 Bow Saw
28:12 Imperial Age
26:23 Town Watch
27:02 Hand Cart
26:56 Fletching
28:34 Bodkin Arrow
28:54 Bloodlines
28:07 Pikeman
28:48 Squires
28:33 Gambesons
29:42 Crop Rotation
29:57 Town Patrol
31:14 Chemistry
30:36 Ballistics
31:14 Halberdier
33:20 Two-Man Saw
32:30 Scale Barding Armor
32:26 Cavalier
33:31 Conscription
33:33 Ironclad
34:14 Fortified Wall
36:16 Caravan
36:29 Forging
36:19 Scale Mail Armor
36:40 Chain Barding Armor
36:47 Siege Engineers
38:10 Stone Shaft Mining
37:07 Paladin
40:02 Iron Casting
44:20 Masonry
44:32 Bombard Tower
44:51 Chain Mail Armor
titan_oranos
0:37 Loom
12:55 Feudal Age
15:05 Double-Bit Axe
15:30 Gold Mining
19:35 Castle Age
17:52 Horse Collar
18:42 Stone Mining
20:54 Wheelbarrow
21:13 Bow Saw
25:27 Town Watch
26:01 Hand Cart
27:30 Tusk Swords
29:04 Heavy Plow
29:47 Ballistics
29:41 Husbandry
31:13 Murder Holes
32:42 Bloodlines
33:47 Caravan
38:02 Imperial Age
35:59 Scale Barding Armor
36:05 Forging
36:11 Masonry
37:45 Chain Barding Armor
38:36 Town Patrol
38:21 Elite Battle Elephant
39:53 Plate Barding Armor
39:54 Iron Casting
41:15 Chemistry
40:30 Fortified Wall
41:13 Conscription
41:01 Double Crossbow
41:33 Siege Engineers
40:55 Light Cavalry
42:35 Architecture
43:28 Hussar
49:22 Blast Furnace
50:38 Fletching
Connection lost

Rejoining the realm…

Still unreachable

The connection could not be restored.

Session expired

The server has moved on; the page needs a fresh start.